 Dungeon Crawl Stone Soup version 0.27.1-34-g3ba077fa99 (webtiles) character file.

Game seed: 12581489467417276996

18 KamiKatze the Chopper (level 2, -3/25 HPs)
             Began as a Palentonga Berserker on Jan 22, 2022.
             Was a Follower of Trog.
             Splashed by a jelly's acid (7 damage)
             ... on level 2 of the Dungeon.
             The game lasted 00:02:44 (601 turns).

KamiKatze the Chopper (Palentonga Berserker)         Turns: 601, Time: 00:02:45

Health: -3/25      AC: -3    Str: 20    XL:     2   Next: 48%
Magic:  2/2        EV:  9    Int:  7    God:    Trog [*.....]
Gold:   37         SH:  0    Dex: 15    Spells: 1/1 levels left

rFire    . . .     SeeInvis +   a - +0 hand axe
rCold    . . .     Faith    .   (no shield)
rNeg     . . .     Spirit   .   d - +0 leather armour
rPois    .         Reflect  .   (no helmet)
rElec    .         Harm     .   (no cloak)
rCorr    .         Rampage  .   (no gloves)
Will     .....                  (no barding)
Stlth    +.........             (no amulet)
HPRegen  0.08/turn              f - +6 ring of dexterity
MPRegen  0.08/turn              (no ring)

@: corroded
A: large, rugged brown scales 3, see invisible, deformed body, roll 1, armoured
tail
a: Rolling Charge, Renounce Religion, Berserk


You were on level 2 of the Dungeon.
You worshipped Trog.
Trog was aware of your devotion.
You visited 1 branch of the dungeon, and saw 2 of its levels.

You collected 37 gold pieces.

Inventory:

Hand Weapons
 a - a +0 hand axe (weapon)
Missiles
 b - 15 stones (quivered)
Armour
 d - a +0 leather armour (worn)
 j - a +0 plate armour
Jewellery
 f - a +6 ring of dexterity (left hand)
Scrolls
 c - 3 scrolls of vulnerability {unknown}
 h - a scroll of fear {unknown}
Potions
 e - a potion of mutation {unknown}
 g - a potion of cancellation {unknown}
 i - a potion of lignification {unknown}


   Skills:
 + Level 3.2 Fighting
 * Level 3.6 Axes
 - Level 1.5 Armour
 - Level 1.5 Dodging


You had one spell level left.
You didn't know any spells.
Your spell library was empty.

Dungeon Overview and Level Annotations

Branches:
Dungeon (2/15)

Altars:


Innate Abilities, Weirdness & Mutations

You are completely covered in rugged brown scales. (AC +3, +7% HP)
You have supernaturally acute eyesight. (SInv)
Armour fits poorly on your strangely shaped body.
You can roll at nearby foes to attack.
You have a long armoured tail.


Message History

Press: ? - help, v - describe, . - travel, g - get item Item here: a plate armour.
The floor.
j - a +0 plate armour Done exploring.
Done exploring.
There is a stone staircase leading down here.
You climb downwards.
There is a stone staircase leading up here.
Found a scroll labelled UDENLO DAVYFOSY and a dagger.
The helpless frilled lizard fails to defend itself.
You hit the frilled lizard.
You kill the frilled lizard!
Trog accepts your kill.
Found an escape hatch in the floor.
You see here a frilled lizard corpse.
A kobold comes into view. It is wielding a +0 short sword.
The kobold shouts!
A jelly comes into view.
A dart slug comes into view.
The jelly quivers.
You barely miss the kobold.
The kobold hits you with a +0 short sword.
You closely miss the kobold. You tail-slap the kobold.
You kill the kobold!
Trog accepts your kill.
You hit the jelly.
Your hands burn!
The jelly is lightly wounded.
The jelly closely misses you.
You are too injured to fight recklessly!
You are too injured to fight recklessly!
You fail to use your ability.
The jelly hits you. The acid corrodes you!
You are splashed with acid!
* * * LOW HITPOINT WARNING * * *
You slash the jelly! The acid corrodes you!
Your hands burn!
* * * LOW HITPOINT WARNING * * *
The jelly is severely wounded.
The jelly hits you.
* * * LOW HITPOINT WARNING * * *
You are splashed with acid!
You die...

... ... ..# ...
...# #+#J# ##).#
...#.#...#.#
######.K#.#...#.#
......?...#...#.#
##.w###...#.###
#...J@........#
#.......†.#.#.#
###.........#.#
.>........<...#
###############


You could see a jelly and a dart slug.

Vanquished Creatures
  A ball python (D:1)
  A bat (D:1)
  3 endoplasms (D:1)
  A goblin (D:1)
  3 hobgoblins (D:1)
  A kobold (D:2)
  2 quokkas (D:1)
  A frilled lizard (D:2)
  A rat (D:1)
14 creatures vanquished.

Notes
Turn   | Place    | Note
-------+----------+-------------------------------------------
     0 | D:1      | KamiKatze the Palentonga Berserker began the quest for the
                  | Orb.
     0 | D:1      | Reached XP level 1. HP: 19/19 MP: 1/1
   153 | D:1      | Reached XP level 2. HP: 14/25 MP: 2/2
   601 | D:2      | Splashed by a jelly's acid

Illustrated notes

Levels and vault maps discovered:
D:1:      erik_arrival_blinker_ship, layout_basic, st_stairs_12
D:2:      layout_basic, dreamdust_ecumenical_altar_angels_and_demons

Action                   || total
-------------------------++-------
Melee: Hand axe          ||    35
       Tailslap          ||     4
Throw: Stone             ||     5
 Abil: Rolling Charge    ||     1
 Stab: Sleeping          ||     1
Armor: Leather armour    ||     7
       Animal skin       ||     3
Dodge: Dodged            ||    12
